 Dungeon Crawl Stone Soup version 0.30-b1-2-g02819fbbbe (webtiles) character file.

Game seed: 6736652027722845526

16 raph the Grasshopper (level 2, 0/24 HPs)
             Began as a Draconian Warper on July 4, 2023.
             Frozen to death by an endoplasm (4 damage)
             ... on level 1 of the Dungeon.
             The game lasted 00:00:39 (319 turns).

raph the Grasshopper (Draconian Warper)              Turns: 319, Time: 00:00:39

Health: 0/24       AC:  4    Str: 13    XL:     2   Next: 37%
Magic:  5/5        EV: 12    Int: 13    God:
Gold:   39         SH:  0    Dex: 10    Spells: 5/5 levels left

rFire   . . .        a - +0 falchion
rCold   . . .        (no shield)
rNeg    . . .        (body armour unavailable)
rPois   .            (helmet restricted)
rElec   .            (no cloak)
rCorr   .            (no gloves)
SInv    .            (no boots)
Will    .....        (no amulet)
Stlth   +            (no ring)
HPRegen 0.24/turn    (no ring)
MPRegen 0.09/turn

%: no passive effects
@: slowed, very slow
A: AC +4, unfitting armour, cold-blooded
a: no special abilities


You were on level 1 of the Dungeon.
You visited 1 branch of the dungeon, and saw 1 of its levels.

You collected 39 gold pieces.

Inventory:

Hand Weapons
 a - a +0 falchion (weapon)
Missiles
 c - 4 boomerangs of dispersal (quivered)
Scrolls
 b - a scroll of blinking
Potions
 d - a potion of berserk rage {unknown}
 e - 2 potions of might {unknown}
 f - a potion of curing {unknown}


   Skills:
 + Level 2.3 Fighting
 * Level 2.4 Long Blades
 - Level 0.8 Throwing
 + Level 2.2 Dodging
 + Level 2.1 Spellcasting
 * Level 3.2 Translocations


You had 5 spell levels left.
You didn't know any spells.
Your spell library contained the following spells:

 Spells                   Type           Power      Damage    Failure   Level
 Blink                    Tloc           18%        N/A       10%         2
 Lesser Beckoning         Tloc           18%        N/A       10%         2
 Teleport Other           Tloc           9%         N/A       21%         3
 Vhi's Electric Charge    Tloc/Air       10%        N/A       36%         3
 Manifold Assault         Tloc           9%         N/A       54%         4


Dungeon Overview and Level Annotations

Branches:
Dungeon (1/15)

Altars:


Innate Abilities, Weirdness & Mutations

Your plain brown scales are hard. (AC +4)
You cannot fit into any form of body armour.
You are cold-blooded and may be slowed by cold attacks.


Message History

The endoplasm freezes you.
You are frozen.
* * * LOW HITPOINT WARNING * * *
You feel as though you will be slow longer.
The endoplasm attacks as you move away! The endoplasm hits you.
* * * LOW HITPOINT WARNING * * *
Throw: 7 boomerangs (disperse)
Press: ? - help, Q - select action Shift-Dir - straight line, f - endoplasm
Aim: an endoplasm (lightly wounded, 85% to hit)
You throw a boomerang of dispersal.
The boomerang of dispersal hits the endoplasm and shatters, but does no damage.
The endoplasm is lightly wounded.
The endoplasm closely misses you. The rat barely misses you.
The endoplasm closely misses you. The rat barely misses you.
Throw: 6 boomerangs (disperse)
Press: ? - help, Q - select action Shift-Dir - straight line, f/p - endoplasm
Aim: an endoplasm (lightly wounded, 85% to hit)
You throw a boomerang of dispersal.
The boomerang of dispersal hits the endoplasm and shatters, but does no damage.
The endoplasm is lightly wounded.
The endoplasm freezes you.
You are frozen.
* * * LOW HITPOINT WARNING * * *
You feel as though you will be slow longer.
The rat barely misses you.
The endoplasm hits you but does no damage.
The rat bites you but does no damage.
Throw: 5 boomerangs (disperse)
Press: ? - help, Q - select action Shift-Dir - straight line, f/p - endoplasm
Aim: an endoplasm (lightly wounded, 85% to hit)
You throw a boomerang of dispersal.
The boomerang of dispersal hits the endoplasm and shatters for extra damage.
The endoplasm blinks!
The endoplasm is heavily wounded.
The rat bites you but does no damage. The rat closely misses you.
You hit the endoplasm.
The endoplasm is severely wounded.
The endoplasm freezes you.
You are frozen.
You die...

### ### ## .... #.# ##..
.....#############.#####...
...........................
...........................
.#######..#######..........
##.># ##.......... ##r#
##....###...†
##@####....###..#.#
#.J................
#......................
......................#
###.......#............
......................
.......................
###...##....####...####
########. ....
...#.###........


You could see an endoplasm and a rat.

Vanquished Creatures
  3 ball pythons (D:1)
  A giant cockroach (D:1)
  4 hobgoblins (D:1)
  A quokka (D:1)
  A bat (D:1)
  A frilled lizard (D:1)
  4 rats (D:1)
15 creatures vanquished.

Notes
Turn   | Place    | Note
-------+----------+-------------------------------------------
     0 | D:1      | raph the Draconian Warper began the quest for the Orb.
     0 | D:1      | Reached XP level 1. HP: 17/17 MP: 3/3
    98 | D:1      | Reached XP level 2. HP: 18/24 MP: 5/5
   319 | D:1      | Frozen to death by an endoplasm

Illustrated notes

Levels and vault maps discovered:
D:1:      saegor_arrival_simple_a, layout_rooms, minmay_unequal

Action                     || total
---------------------------++-------
  Melee: Falchion          ||    37
         Tailslap          ||     2
  Throw: Boomerang         ||     3
 Armour: Skin              ||    10
  Dodge: Dodged            ||    29
